 Dungeon Crawl Stone Soup version 0.18-a0-1685-g4482fe3 (webtiles) character file.

89447 4thArraOfDagon the Executioner (level 15, -10/192 (193) HPs)
             Began as a Hill Orc Berserker on Apr 4, 2016.
             Was the Champion of Trog.
             Splashed by a lich's acid (12 damage)
             ... on level 3 of the Abyss.
             The game lasted 00:53:44 (9288 turns).

4thArraOfDagon the Executioner (Hill Orc Berserker) Turns: 9288, Time: 00:53:45

HP:   -10/192 (193) AC: 30    Str: 35    XL:     15   Next: 97%
MP:   24/24         EV:  9    Int:  9    God:    Trog [******]
Gold: 1788          SH:  2    Dex: 10    Spells: 0 memorised, 14 levels left

rFire  . . .     SeeInvis .     P - +5 executioner's axe (drain)
rCold  + . .     Gourm    .     h - +1 plate armour of the Shining One's Envy {rF+ MP+9 Str+2 Int+2}
rNeg   . . .     Faith    .     (shield currently unavailable)
rPois  .         Spirit   .     (helmet restricted)
rElec  .         Dismiss  .     o - +1 cloak {+Inv}
rCorr  .         Reflect  .     W - +1 pair of gloves {Str+3}
SustAt .         Harm     .     e - +1 pair of boots
MR     +....     Rnd*Rage +     k - amulet of regeneration
Stlth  ..........               j - +5 ring of protection
                                G - ring of ice

@: berserking (expiring), corroded, drained, very quick, somewhat resistant to
hostile enchantments, extremely unstealthy
A: antennae 1, talons 1, large bone plates 1, slimy green scales 1, berserk 2,
frail 1, weak 1, wild magic 1
a: Berserk, Trog's Hand, Brothers in Arms, Burn Spellbooks, Renounce Religion,
Evoke Invisibility


You were on level 3 of the Abyss.
You worshipped Trog.
Trog was exalted by your worship.
You were not hungry.

You visited 4 branches of the dungeon, and saw 26 of its levels.
You visited the Abyss 1 time.
You also visited: Ice Cave.

You collected 2634 gold pieces.
You spent 846 gold pieces at shops.

Inventory:

Hand Weapons
 P - a +5 executioner's axe of draining (weapon)
 R - a +0 blowgun
Missiles
 Z - 6 curare-tipped needles
Armour
 e - a +1 pair of boots (worn)
 h - the +1 plate armour of the Shining One's Envy (worn) {rF+ MP+9 Str+2 Int+2}
   (You found it on level 3 of the Lair of Beasts)

   It affects your strength (+2).
   It affects your intelligence (+2).
   It protects you from fire.
   It affects your magic capacity (+9).
 o - a +1 cloak of invisibility (worn)
 W - a +1 pair of gloves of strength (worn)
 X - the +3 ring mail "Jaloeb" {rF+ rN+ Int-3}
   (You bought it in a shop on level 2 of the Orcish Mines)

   It affects your intelligence (-3).
   It protects you from fire.
   It protects you from negative energy.
Jewellery
 j - a +5 ring of protection (right hand)
 k - an amulet of regeneration (around neck)
 s - an uncursed ring of fire
 x - an uncursed ring of fire
 G - a ring of ice (left hand)
 M - an uncursed amulet of the gourmand {unknown}
 U - an uncursed amulet of rage
Wands
 i - a wand of disintegration (11/24)
 I - a wand of iceblast (8/15)
 J - a wand of iceblast (10/15)
Scrolls
 a - 2 scrolls of immolation
 m - a scroll of random uselessness {unknown}
 p - 3 scrolls of blinking
 r - a scroll of noise
 t - a scroll of recharging
 v - 4 scrolls of remove curse
 y - 2 scrolls of magic mapping
 B - 2 scrolls of fog
 D - 8 scrolls of teleportation
 O - 2 scrolls of holy word
Potions
 b - a potion of resistance
 d - a potion of beneficial mutation {unknown}
 f - a potion of agility {unknown}
 g - 4 potions of magic
 l - 11 potions of curing
 q - 5 potions of haste
 u - a potion of berserk rage
 z - a potion of cancellation {unknown}
 F - 2 potions of heal wounds
 H - a potion of invisibility {unknown}
 L - 2 potions of brilliance
 N - 3 potions of might
Books
 n - a book of Hinderance

   Spells                             Type                      Level
   a - Confusing Touch                Hexes                        2
   b - Confuse                        Hexes                        3
   c - Gell's Gravitas                Hexes/Translocation          3
   d - Petrify                        Transmutation/Earth          4
   e - Metabolic Englaciation         Hexes/Ice                    5
   f - Yara's Violent Unravelling     Hexes/Transmutation          5
   Trog disapproves of the use of such an item.
 C - a book of Enchantments

   Spells                             Type                      Level
   a - Cause Fear                     Hexes                        4
   b - Yara's Violent Unravelling     Hexes/Transmutation          5
   c - Silence                        Hexes/Air                    5
   d - Deflect Missiles               Charms/Air                   6
   e - Haste                          Charms                       6
   f - Discord                        Hexes                        8
   Trog disapproves of the use of such an item.
Miscellaneous
 T - a plain deck of changes
 Y - a lamp of fire
Comestibles
 c - 8 bread rations
 w - 6 meat rations
 S - 10 beef jerkies


   Skills:
 + Level 16.3(15.9) Fighting
 * Level 23.2(22.8) Axes
 + Level 14.9(14.6) Armour
 - Level 1.5(1.3) Dodging


You had 14 spell levels left.
You didn't know any spells.

Dungeon Overview and Level Annotations

Branches:
Dungeon (15/15)              Lair (8/8) D:9           Snake (0/4) Lair:3
  Slime (0/6) Lair:8          Orc (2/2) D:10            Elf (2/3) Orc:2
 Vaults (0/5) D:13
 Temple: D:4-7        Swamp: Lair:3-6    Shoals: Lair:3-6    Depths: D:15

Altars:
Dithmenos
Elyvilon
Nemelex Xobeh
Xom
Yredelemnul

Shops:
D:8 :   Orc:2 *[*%(

Annotations:
D:5 azaza322's ghost, novice GrFi
D:14 8 runed doors
D:15 Agnes
Elf:1 exclusion: Roxanne, Roxanne
Elf:2 Louise


Innate Abilities, Weirdness & Mutations

You have a pair of small antennae on your head.
You have sharp toenails.
You are partially covered in large bone plates (AC +2, SH +2).
You are partially covered in slimy green scales (AC +2).
You often lose your temper in combat.
You are frail (-10% HP).
You are weak. (Str -2)
Your spells are a little harder to cast, but a little more powerful.


Message History

The ancient lich is almost destroyed.
You slash the lich!
The lich is heavily damaged.
You barely miss the Brimstone Fiend.
The Brimstone Fiend is moderately wounded.
Unknown command.
Unknown command.
Unknown command.
You slash the ancient lich!
The ancient lich is almost destroyed.
You closely miss the lich.
The lich is heavily damaged.
You carve the Brimstone Fiend like a ham!!!
The Brimstone Fiend is severely wounded.
The ancient lich closely misses you.
The lich points at you and mumbles some strange words.
The bolt of acid hits you!
* * * LOW HITPOINT WARNING * * *
The acid burns!
You die...

# .... .# .....#
#....... .≈....
...... . ..
#.§§.. ..... ..
§§§>.... .. # §
§.......#######
§ §.... # #φ#.#
#
..§.....##8#L#'#
## ..
......'L.L@1#
......##'#L#'# .
#... . # #.#.# .
.. .... ##### ..
... .# ..
.......# .....
..... .


You could see 2 ancient liches, a Brimstone Fiend, 2 liches and a spellforged
servitor.

Vanquished Creatures
  2 liches (Abyss:3)
  A tentacled starspawn (Abyss:3)
  A tengu reaver (D:14)
  A deep elf sorcerer (Elf:1)
  A deep elf death mage (Elf:1)
  Snorg (Lair:4)
  A fire dragon (Lair:8)
  The ghost of George the Fighter, a journeyman MiFi of the Shining One (IceCv)
  4 ogre magi (Orc:2)
  Erolcha (Orc:1)
  5 centaur warriors (D:14)
  2 ice dragons (IceCv)
  5 hydras
  4 dancing weapons (Elf:1)
  2 orc high priests
  Sonja (D:10)
  4 deep elf knights
  A wretched star (Abyss:3)
  A skeletal warrior (D:14)
  2 unseen horrors
  An anaconda zombie (Abyss:3)
  4 deep elf archers
  3 orc knights
  An orc sorcerer (Orc:2)
  14 deep elf magi
  2 cyclopes (D:14)
  A manticore (D:14)
  5 ugly things (D:14)
  Maurice (Orc:2)
  4 centaur zombies
  2 black mambas
  A smoke demon (Abyss:3)
  2 gargoyles (D:14)
  3 ice statues
  9 spiny frogs
  A rime drake (Lair:7)
  2 centaur skeletons
  A freezing wraith (Abyss:3)
  15 komodo dragons
  A kobold demonologist (D:11)
  An ice devil (Lair:4)
  6 trolls
  6 blink frogs
  Grinder (D:4)
  15 two-headed ogres
  9 slime creatures
  2 raiju (Abyss:3)
  A blink frog (shapeshifter) (D:14)
  A wraith (D:15)
  A shadow (D:12)
  A vampire (D:14)
  41 yaks
  A wyvern (D:10)
  2 basilisks
  3 vampire mosquitoes (D:12)
  A neqoxec (Abyss:3)
  7 hippogriffs
  2 steam dragons (Lair:8)
  2 hungry ghosts
  3 mottled dragons (Lair:8)
  3 wargs
  7 water moccasins
  5 porcupines
  3 swamp drakes
  29 ice beasts
  27 orc warriors
  2 eyes of draining
  A necrophage (D:13)
  2 sky beasts (D:8)
  30 ogres
  4 wolves
  8 centaurs
  5 crocodiles
  13 giant frogs
  3 earth elementals (Elf:1)
  A small abomination (Abyss:3)
  A wyvern skeleton (D:12)
  3 wights (D:8)
  An electric eel (Elf:1)
  5 crimson imps
  A giant frog zombie (D:5)
  15 orc priests
  2 quasits
  The ghost of Heskey the Sneak, a weakling SpAs (D:3)
  3 jellies
  3 hounds
  16 orc wizards
  2 giant frog skeletons
  6 iguanas
  8 worker ants
  A killer bee zombie (D:5)
  5 sheep (Lair:5)
  A worker ant zombie (D:10)
  6 adders
  38 river rats
  A shadow imp (D:14)
  5 white imps (Lair:4)
  2 adder skeletons
  A dart slug (D:2)
  A giant gecko (D:4)
  73 orcs
  4 bats
  6 giant cockroaches
  4 goblins
  6 hobgoblins
  A quokka (D:8)
  3 ball pythons
  A giant gecko skeleton (D:4)
  4 giant newts
  4 kobolds
  5 rats
  A fungus (Lair:4)
  4 plants
  A starspawn tentacle (Abyss:3)
608 creatures vanquished.

Vanquished Creatures (collateral kills)
  A hydra (D:14)
  7 ice beasts (IceCv)
  A centaur (D:14)
  A crocodile (D:14)
10 creatures vanquished.

Vanquished Creatures (others)
  An orc (D:10)
  A bat (D:3)
  A fungus (Lair:2)
  A plant (Lair:8)
  2 starspawn tentacles (Abyss:3)
  3 starspawn tentacle segments (Abyss:3)
9 creatures vanquished.

Grand Total: 627 creatures vanquished

Notes
Turn   | Place    | Note
--------------------------------------------------------------
     0 | D:1      | 4thArraOfDagon the Hill Orc Berserker began the quest for the Orb.
     0 | D:1      | Reached XP level 1. HP: 19/19 MP: 1/1
    29 | D:1      | Reached XP level 2. HP: 19/27 MP: 2/2
   141 | D:2      | Reached ** piety under Trog
   241 | D:3      | Found a sparkling altar of Nemelex Xobeh.
   281 | D:3      | Found a white marble altar of Elyvilon.
   310 | D:2      | Reached XP level 3. HP: 33/33 MP: 3/3
   419 | D:3      | Noticed Heskey's ghost (weakling SpAs)
   432 | D:3      | Killed Heskey's ghost
   432 | D:3      | Reached skill level 5 in Axes
   432 | D:3      | Reached XP level 4. HP: 40/40 MP: 4/4
   488 | D:3      | Reached XP level 5. HP: 47/47 MP: 5/5
   595 | D:4      | Reached skill level 6 in Axes
   641 | D:4      | Noticed Grinder
   649 | D:4      | Reached skill level 5 in Fighting
   649 | D:4      | Reached XP level 6. HP: 56/56 MP: 6/6
   653 | D:4      | Killed Grinder
   653 | D:4      | Reached skill level 7 in Axes
   653 | D:4      | Reached XP level 7. HP: 61/61 MP: 7/7
   770 | D:4      | Reached skill level 5 in Armour
   847 | D:4      | Reached skill level 8 in Axes
   848 | D:4      | Reached *** piety under Trog
   903 | D:5      | Entered Level 5 of the Dungeon
   953 | D:5      | Reached skill level 9 in Axes
   953 | D:5      | Reached XP level 8. HP: 71/71 MP: 8/8
   980 | D:5      | Noticed azaza322's ghost (novice GrFi)
  1027 | D:5      | You fall through a shaft for 3 floors!
  1095 | D:8      | Reached skill level 10 in Axes
  1102 | D:8      | Gained mutation: You have a pair of small antennae on your head. [mutagenic meat]
  1103 | D:8      | Gained mutation: You tend to lose your temper in combat. [mutagenic meat]
  1214 | D:9      | Noticed a two-headed ogre
  1219 | D:9      | Killed a two-headed ogre
  1241 | D:9      | Found a staircase to the Lair.
  1243 | D:9      | Noticed a troll
  1278 | D:9      | Killed a troll
  1278 | D:9      | Reached skill level 11 in Axes
  1278 | D:9      | Reached XP level 9. HP: 52/80 MP: 9/9
  1471 | D:8      | Found Ofooqen's Book Shop.
  1529 | D:7      | Found a shadowy altar of Dithmenos.
  1697 | D:9      | Got a heavily runed chain mail
  1708 | D:9      | Identified the +6 chain mail of Goirocy {rC++ Str-4 Dex+4} (You found it on level 9 of the Dungeon)
  1741 | D:9      | Got a fine mace
  1830 | D:10     | Entered Level 10 of the Dungeon
  1858 | D:10     | Reached skill level 12 in Axes
  2180 | D:11     | Noticed a purple ugly thing
  2188 | D:11     | Noticed a troll
  2195 | D:11     | Noticed a kobold demonologist
  2203 | D:11     | Killed a kobold demonologist
  2208 | D:11     | Killed a troll
  2265 | D:11     | Gained mutation: Your flesh is cold resistant. [potion of mutation]
  2265 | D:11     | Gained mutation: You have sharp toenails. [potion of mutation]
  2265 | D:11     | Gained mutation: You expend magic power (3 MP) to strengthen your wands. [potion of mutation]
  2396 | D:11     | Killed an unseen horror
  2396 | D:11     | Reached skill level 13 in Axes
  2396 | D:11     | Reached XP level 10. HP: 65/91 MP: 10/10
  2533 | D:12     | You fall through a shaft for 2 floors!
  2557 | D:14     | Noticed a cyclops
  2558 | D:14     | Noticed a centaur warrior
  2559 | D:14     | Noticed a centaur warrior
  2560 | D:14     | Noticed a gargoyle
  2561 | D:14     | Noticed a centaur warrior
  2562 | D:14     | Noticed a centaur warrior
  2570 | D:14     | Noticed a manticore
  2570 | D:14     | Killed a centaur warrior
  2572 | D:14     | Killed a centaur warrior
  2572 | D:14     | Reached skill level 14 in Axes
  2573 | D:14     | Killed a cyclops
  2573 | D:14     | Reached skill level 10 in Fighting
  2578 | D:14     | Killed a centaur warrior
  2580 | D:14     | Killed a centaur warrior
  2580 | D:14     | Reached skill level 15 in Axes
  2580 | D:14     | Reached XP level 11. HP: 101/101 MP: 8/11
  2640 | D:14     | Killed a manticore
  2825 | D:14     | Found a large runed door.
  2827 | D:14     | Noticed a death drake
  2827 | D:14     | a death drake changed into an octopode
  2828 | D:14     | Noticed a phantasmal warrior
  2829 | D:14     | Found a large runed door.
  2835 | D:14     | Reached skill level 10 in Armour
  2836 | D:14     | Noticed a fire crab
  2836 | D:14     | a fire crab changed into a queen bee
  2838 | D:14     | Noticed a tengu reaver
  2839 | D:14     | Noticed a frost giant
  2841 | D:14     | Found a large runed door.
  2842 | D:14     | Found a large runed door.
  2842 | D:14     | Found a large runed door.
  2844 | D:14     | Found a large runed door.
  2932 | D:13     | Found a basalt altar of Yredelemnul.
  3070 | D:14     | Noticed a tengu reaver
  3099 | D:14     | Killed a tengu reaver
  3099 | D:14     | Reached skill level 16 in Axes
  3180 | D:14     | Noticed a centaur warrior
  3181 | D:14     | Noticed a cyclops
  3193 | D:14     | Killed a centaur warrior
  3208 | D:14     | Reached XP level 12. HP: 78/109 MP: 12/12
  3299 | D:14     | Reached skill level 17 in Axes
  3314 | D:14     | Reached **** piety under Trog
  3350 | D:13     | Found a gate to the Vaults.
  3410 | D:14     | Gained mutation: You are partially covered in slimy green scales (AC +2). [mutagenic meat]
  3413 | D:14     | Gained mutation: Your spells are a little harder to cast, but a little more powerful. [mutagenic meat]
  3414 | D:14     | Lost mutation: Your flesh is cold resistant. [mutagenic meat]
  3415 | D:14     | Gained mutation: You are partially covered in large bone plates (AC +2, SH +2). [mutagenic meat]
  3416 | D:14     | Gained mutation: You are weak. (Str -2) [mutagenic meat]
  3417 | D:14     | Gained mutation: You are frail (-10% HP). [mutagenic meat]
  3458 | D:14     | Found a large runed door.
  3504 | D:15     | Entered Level 15 of the Dungeon
  3504 | D:15     | Noticed a six-headed hydra
  3521 | D:14     | Noticed a six-headed hydra
  3541 | D:14     | Killed a six-headed hydra
  3600 | D:14     | Found a large runed door.
  3695 | D:15     | Noticed Agnes
  3695 | D:15     | Noticed a centaur warrior
  3880 | D:13     | Noticed a death knight
  3881 | D:13     | Noticed a centaur warrior
  3999 | D:12     | Reached skill level 18 in Axes
  4225 | D:12     | Reached XP level 13. HP: 106/106 MP: 6/13
  4509 | D:10     | Paralysed by fainting for 12 turns
  4580 | D:10     | Found a staircase to the Orcish Mines.
  4584 | D:10     | Noticed Sonja
  4587 | D:10     | Killed Sonja
  4679 | Orc:1    | Entered Level 1 of the Orcish Mines
  4685 | Orc:1    | Reached ***** piety under Trog
  4856 | Orc:1    | Noticed Erolcha
  4865 | Orc:1    | Killed Erolcha
  4947 | Orc:1    | Reached skill level 19 in Axes
  4983 | Orc:2    | Entered Level 2 of the Orcish Mines
  5002 | Orc:2    | Noticed Maurice
  5086 | Orc:1    | Received a gift from Trog
  5127 | Orc:2    | Noticed an ogre mage
  5196 | Orc:2    | Killed an ogre mage
  5243 | Orc:2    | Noticed an ogre mage
  5259 | Orc:2    | Killed an ogre mage
  5286 | Orc:2    | Found Worel's General Store.
  5287 | Orc:2    | Found Qiown's Antique Armour Shop.
  5287 | Orc:2    | Found Eduli's Food Shoppe.
  5287 | Orc:2    | Found Timus's Assorted Antiques.
  5298 | Orc:2    | Bought a pair of glowing boots for 121 gold pieces
  5298 | Orc:2    | Bought a faintly glowing ring mail for 243 gold pieces
  5298 | Orc:2    | Bought a glowing cloak for 121 gold pieces
  5348 | Orc:2    | Bought a lumpy ruby amulet for 95 gold pieces
  5348 | Orc:2    | Bought a scroll of identify for 38 gold pieces
  5348 | Orc:2    | Bought a scroll of teleportation for 57 gold pieces
  5348 | Orc:2    | Bought a twisted bronze wand for 76 gold pieces
  5348 | Orc:2    | Bought a ruby ring for 95 gold pieces
  5357 | Orc:2    | Identified the +3 ring mail "Jaloeb" {rF+ rN+ Int-3} (You bought it in a shop on level 2 of the Orcish Mines)
  5417 | Orc:2    | Reached skill level 20 in Axes
  5428 | Orc:2    | Found Tuyly's Weapon Boutique.
  5493 | Orc:2    | Killed Maurice
  5608 | Orc:2    | Received a gift from Trog
  5726 | Lair:1   | Entered Level 1 of the Lair of Beasts
  5736 | Lair:1   | Reached XP level 14. HP: 117/117 MP: 14/14
  5792 | Lair:1   | Found a frozen archway.
  5822 | IceCv    | Entered an ice cave
  5822 | IceCv    | Noticed George's ghost (journeyman MiFi)
  5826 | IceCv    | Killed George's ghost
  6397 | Lair:2   | Received a gift from Trog
  6465 | Lair:1   | Gained mutation: You often lose your temper in combat. [potion of mutation]
  6722 | Lair:2   | Found a shimmering altar of Xom.
  6856 | Lair:4   | Noticed Snorg
  6868 | Lair:4   | Killed Snorg
  6868 | Lair:4   | Reached skill level 21 in Axes
  6944 | Lair:3   | Found a staircase to the Snake Pit.
  7261 | Lair:5   | Reached skill level 15 in Fighting
  7595 | Lair:7   | You fall through a shaft!
  7595 | Lair:8   | Entered Level 8 of the Lair of Beasts
  7597 | Lair:8   | Found a staircase to the Slime Pits.
  7637 | Lair:7   | Reached ****** piety under Trog
  7760 | Lair:8   | Reached XP level 15. HP: 109/125 MP: 15/15
  7814 | Lair:8   | Received a gift from Trog
  7952 | Lair:8   | Reached skill level 22 in Axes
  8177 | Lair:4   | Lost mutation: You are frail (-10% HP). [potion of cure mutation]
  8177 | Lair:4   | Lost mutation: You expend magic power (3 MP) to strengthen your wands. [potion of cure mutation]
  8177 | Lair:4   | Lost mutation: You are weak. (Str -2) [potion of cure mutation]
  8252 | Lair:3   | Got a warped plate armour
  8278 | Lair:3   | Identified the cursed +1 plate armour of the Shining One's Envy {rF+ MP+9 Str+2 Int+2} (You found it on level 3 of the Lair of Beasts)
  8537 | Orc:2    | Found a staircase to the Elven Halls.
  8546 | Elf:1    | Entered Level 1 of the Elven Halls
  8632 | Elf:1    | Noticed Roxanne
  8896 | Elf:1    | Noticed a deep elf sorcerer
  8909 | Elf:1    | Killed a deep elf sorcerer
  9065 | Elf:2    | Received a gift from Trog
  9073 | Elf:2    | Noticed Louise
  9074 | Elf:2    | Cast into level 3 of the Abyss (Louise)
  9228 | Abyss:3  | Noticed a tentacled starspawn
  9232 | Abyss:3  | Killed a tentacled starspawn
  9238 | Abyss:3  | Reached skill level 23 in Axes
  9249 | Abyss:3  | Gained mutation: You are weak. (Str -2) [a neqoxec]
  9256 | Abyss:3  | Gained mutation: You are frail (-10% HP). [a neqoxec]
  9276 | Abyss:3  | Noticed a lich
  9277 | Abyss:3  | Noticed a lich
  9280 | Abyss:3  | Killed a lich
  9282 | Abyss:3  | Killed a lich
  9283 | Abyss:3  | Noticed an ancient lich
  9283 | Abyss:3  | Noticed a lich
  9283 | Abyss:3  | Noticed a lich
  9284 | Abyss:3  | Noticed an ancient lich
  9285 | Abyss:3  | Noticed a Brimstone Fiend
  9288 | Abyss:3  | HP: 2/192 [lich/bolt of acid (17)]
  9288 | Abyss:3  | Splashed by a lich's acid

Vault maps used:
D:1:      onia_arrival_pentagram
D:2:      minmay_misc_feat_iff
D:3:      nemelex_xobeh_ov_fountains_minmay, elyvilon_altar_4, first_bread,
          feat_on_display
D:4:      fedhas_altar_4, uniq_grinder
D:5:      minitemple, uniq_crazy_yiuf_cottage
D:7:      lemuel_doored_altar, nicolae_overflow_hidden_temple
D:8:      serial_shops, shop
D:9:      lair_0_dummy, hangedman_tree_tricks
D:10:     erik_orc_1, uniq_sonja
D:12:     evilmike_butchery
D:13:     erik_vaults_1, basic_altar
D:14:     minmay_five_octagons, hangedman_abyss_or_decor_stabs,
          minmay_three_doors
D:15:     grunt_enter_depths_hoard, serial_shops,
          nicolae_shop_competitors_out_of_business, minmay_misc_feat_pillars,
          minivault_16, interstate_on_off, minmay_parallelograms, uniq_urug,
          uniq_agnes
Lair:1:   portal_ice_cave_entry_ice_beasts
Lair:2:   basic_altar, beast_lair_carwin_10, serial_bayou_shore_a, uniq_nergalle
Lair:3:   dummy_snake_entry, pond, grunt_megastairs_2,
          infiniplex_staircase_pool, lemuel_fruit_fields
Lair:4:   ice2_lemuel, uniq_snorg
Lair:5:   shoals_dummy_entry, grunt_megastairs_4
Lair:6:   grunt_megastairs_3
Lair:7:   serial_bayou_pond_b, beast_lair_carwin_3
Lair:8:   hangedman_lair_in_review, guppyfry_lair_end_dragon,
          minmay_slime_entry_pillars
Orc:1:    uniq_erolcha
Orc:2:    st_orc_ogre_mass, serial_shops, nicolae_shop_waterfront, uniq_maurice
Elf:1:    eino_elf_arrival_sip, minmay_elf_necromancy, minivault_14,
          dk_noncrumbling_3, grunt_ministairs_7, uniq_roxanne
Elf:2:    eino_tiny_chamber, uniq_louise
Abyss:3:  evilmike_abyss_exit_chaos, nicolae_abyss_rune_more_like_crabyss
IceCv:    ice_cave_small_dragons

Skill      XL: |  1  2  3  4  5  6  7  8  9 10 11 12 13 14 15 |
---------------+----------------------------------------------+-----
Armour         | 3 4 5 6 8 9 10 11 13 14 | 14.9
Fighting       | 4 5 6 7 9 10 11 12 14 15 16 | 16.3
Axes           | 5 6 7 9 11 13 15 16 18 20 21 23 | 23.2
Dodging        | |  1.5

Action                   |  1- 3 |  4- 6 |  7- 9 | 10-12 | 13-15 || total
-------------------------+-------+-------+-------+-------+-------++-------
Melee: Hand axe          |    83 |    41 |    59 |       |       ||   183
       Battleaxe         |       |       |   153 |   344 |   414 ||   911
       Executioner's axe |       |       |       |       |   478 ||   478
Invok: Berserk           |     4 |     3 |     8 |     9 |    21 ||    45
       Trog's Hand       |       |     2 |     4 |    13 |    18 ||    37
       Brothers in Arms  |       |       |       |     1 |     1 ||     2
Evoke: Wand              |       |       |       |     3 |     1 ||     4
  Use: Scroll            |     1 |       |     8 |     2 |    19 ||    30
       Potion            |       |       |     1 |     1 |     3 ||     5
 Stab: Confused          |       |       |       |       |     1 ||     1
  Eat: Beef jerky        |     1 |       |       |     1 |     1 ||     3
       Bread ration      |       |     1 |       |       |     1 ||     2
       Chunk             |       |       |    18 |    21 |    36 ||    75
       Fruit             |       |       |     3 |       |    12 ||    15
       Meat ration       |       |       |       |     1 |       ||     1
       Pizza             |       |       |       |       |     1 ||     1
